groovejumper, lawful female human Wizard ------- |.....| ##################0#####-.....| --------- # |.....| ##....@.._|### |.....| --------------- # |...C.<.-# --------------- #......| |..............####........| |.............+####----|-- |.............| # --.------ #..............| ## ##### |..............## ##### ###|........{....+##### # |....>........| # ###..............|######### ## ------.--------############## #### ---------------# ###------.--- ########## ------+-####################### #-........| |......|#### |........| |.......#### |........| |.<....| ---------- -------- groovejumper the Thaumaturge Experience level: 6 Strength: 12 Dexterity: 9 Constitution: 16 Intelligence: 17 Wisdom: 11 Charisma: 12 Health: 0(40) Energy: 31(64) AC: 5 Gold: 334 Moves: 2442 Your Inventory: Coins $ - 334 gold pieces Weapons a - a blessed +1 quarterstaff O - an [uncursed] rustproof [+0] long sword named Demonbane [Demonbane] (weapon in hand) Armor v - an uncursed +1 elven leather helm x - a blessed +2 leather armor of stealth (being worn) y - a cursed -1 helm of opposite alignment (being worn) M - an uncursed +0 cloak of magic resistance (being worn) Comestibles o - an [uncursed] banana p - an [uncursed] lichen corpse z - 2 [uncursed] cream pies A - 2 uncursed tins of spinach Scrolls j - an uncursed scroll of food detection k - a blessed scroll of magic mapping G - a cursed scroll of remove curse H - an uncursed scroll of flood J - an uncursed scroll of light Spellbooks l - a blessed spellbook of force bolt m - an uncursed spellbook of haste self Potions f - 2 uncursed potions of healing h - 2 uncursed potions of water q - an uncursed potion of restore ability E - an uncursed potion of sickness Rings d - an uncursed +1 ring of adornment (on left hand) e - an uncursed ring of slow digestion (on right hand) Wands c - an uncursed wand of create monster (0:11) L - an [uncursed] steel wand [of sleep (0:8)] Tools b - an [uncursed] bag [sack] n - an uncursed magic marker (0:24) I - an uncursed skeleton key Gems s - an uncursed garnet stone Contents of the sack: an uncursed potion of extra healing an [uncursed] bronze ring [of protection from shape changers] Spells known in the end: Name Level Category Fail Memory a - force bolt 1 attack 0% [||||||||] b - haste self 3 escape 92% [||||||||] Your skills at the end: Fighting Skills Weapon Skills quarterstaff [Basic / Expert] Spellcasting Skills attack spells [Basic / Expert] enchantment spells [Basic / Skilled] Final Attributes: You were piously aligned. Hunger level was 697. Your alignment was 22 / 22. Monster difficulty range was 1 - 6. Level difficulty was 6. You were magic-protected. You were telepathic. You were aware of the presence of demons. You were adorned. You were stealthy. You had slower digestion. Your luck was zero. You are dead. Vanquished creatures: a large mimic a raven a bugbear an enormous rat 2 ponies a shrieker 2 floating eyes a kitten a homunculus 2 Kop Sergeants an iguana 2 acid blobs 2 coyotes a gas spore a cave spider a brown mold 5 Keystone Kops a gecko 3 jackals a kobold a sewer rat 3 grid bugs 2 lichens a kobold zombie 4 newts 42 creatures vanquished. Voluntary challenges: You used a wielded weapon 38 times. You read items or engraved 8 times. You put on armor 4 times. You never genocided any monsters. You never polymorphed an object. You never changed form. You used no wishes. You wrote Elbereth's name 1 time. You never encountered a bones level. You never used any Sokoban shortcuts. Dungeon overview: The Dungeons of Doom: levels 1 to 6 Level 1 a long staircase Level 2 a fountain Level 3 an armor shop stairs to The Gnomish Mines Level 5 many fountains Level 6 <- You were here an altar to Ptah, a fountain a long staircase The Gnomish Mines: Level 4 stairs to The Dungeons of Doom History has recorded: On T:1 you entered the Dungeons of Doom to retrieve the Amulet of Yendor! On T:301 you reached level 2 of The Dungeons of Doom. On T:372 you advanced to experience level 2. On T:776 you advanced to experience level 3. On T:981 you reached level 3 of The Dungeons of Doom. On T:1043 you reached level 1 of The Gnomish Mines. On T:1148 you advanced to experience level 4. On T:1180 you advanced to experience level 5. On T:1216 you reached level 4 of The Dungeons of Doom. On T:1539 you reached level 5 of The Dungeons of Doom. On T:1552 you advanced to experience level 6. On T:1904 you reached level 6 of The Dungeons of Doom. On T:2301 you received Demonbane from Ptah. Latest messages: The spell misses the plains centaur. The plains centaur swings his crossbow. The plains centaur hits! The plains centaur kicks! [HP-9=24] The spell misses the plains centaur. The plains centaur swings his crossbow. The plains centaur hits! The plains centaur kicks! The plains centaur swings his crossbow. The plains centaur hits! The plains centaur kicks! [HP-11=13] You write "Elbereth" with your fingers into the dust. The plains centaur swings his crossbow. The plains centaur hits! The plains centaur kicks! You die... Final status: Goodbye groovejumper the Wizard... You died in The Dungeons of Doom on dungeon level 6 with 2505 points, and 334 pieces of gold, after 2442 moves. You were level 6 with a maximum of 40 hit points when you died.